AoeStats
← Mr_Fox

Arena

510451951Analyzed
2v2 RM · 1d ago on Oct 1, 2026· 60m 49s· 4 players
Game mode
Random Map
Map size
Medium (4 player)
Population
200
Speed
Normal
Resources
Standard
Victory
Conquest
Starting age
Dark Age
Ending age
Imperial Age
RankedLock teamsTeams togetherTeam positionsShared explorationLock speedFull tech treeHidden civsTurbo modeCheats
Victory
Defeat
🇧🇷 Muisca · Brazil
1400
+16
🇧🇷 Khmer · Brazil
1394
+16
🇬🇹 Persians · Guatemala
1406
-16
🇬🇹 Danes · Guatemala
1395
-16
[Massa] Edo
8:12 Feudal Age
7:37 Loom
9:07 Double-Bit Axe
11:51 Fletching
13:24 Horse Collar
14:31 Padded Archer Armor
17:50 Wheelbarrow
21:10 Castle Age
19:35 Gold Mining
22:16 Bow Saw
23:41 Heavy Plow
27:08 Fervor
27:19 Sanctity
33:02 Imperial Age
31:45 Ballistics
31:28 Bodkin Arrow
36:52 Chemistry
35:37 Heavy Scorpion
37:22 Hand Cart
38:45 Siege Engineers
43:34 Scale Barding Armor
43:41 Forging
45:02 Chain Barding Armor
44:44 Husbandry
44:55 Bloodlines
44:06 Light Cavalry
45:56 Iron Casting
46:04 Gold Shaft Mining
47:57 Plate Barding Armor
48:22 Blast Furnace
46:44 Hussar
52:38 Conscription
53:56 Double Crossbow
54:52 Crop Rotation
tg
11:20 Feudal Age
12:04 Double-Bit Axe
14:58 Castle Age
12:49 Double-Bit Axe
13:29 Horse Collar
13:24 Champi Runner
14:51 Scale Mail Armor
15:09 Champi Warrior
15:50 Squires
16:06 Chain Mail Armor
17:40 Bow Saw
18:00 Bow Saw
24:58 Wheelbarrow
25:11 Fervor
25:22 Sanctity
28:40 Imperial Age
27:15 Atonement
27:32 Heavy Plow
27:23 Gold Mining
27:24 Stone Mining
28:21 Forging
28:21 Loom
29:13 Gold Shaft Mining
29:13 Stone Shaft Mining
28:55 Hand Cart
28:25 Town Watch
29:44 Block Printing
29:56 Illumination
30:12 Theocracy
29:07 Capped Ram
30:59 Plate Mail Armor
29:51 Elite Champi Warrior
31:56 Two-Man Saw
31:11 Devotion
31:21 Redemption
32:49 Crop Rotation
33:01 Pikeman
36:05 Elite Temple Guard
40:18 Conscription
42:37 Hoardings
41:22 Elite Guecha Warrior
41:54 Fletching
42:05 Padded Archer Armor
44:37 Coinage
45:00 Treadmill Crane
45:32 Masonry
45:27 Siege Engineers
46:12 Bodkin Arrow
46:52 Iron Casting
48:17 Huaracas
49:29 Bracer
49:44 Leather Archer Armor
49:15 Crossbowman
50:53 Iron Casting
59:36 Chemistry
59:41 Herbalism
Mr_Fox
9:44 Feudal Age
13:55 Castle Age
11:41 Loom
13:09 Scale Barding Armor
12:54 Double-Bit Axe
13:31 Horse Collar
14:28 Bloodlines
19:14 Town Watch
20:29 Heavy Plow
25:45 Husbandry
29:02 Scale Barding Armor
29:08 Forging
29:46 Wheelbarrow
29:23 Bow Saw
31:17 Iron Casting
31:03 Chain Barding Armor
34:38 Imperial Age
32:39 Gold Mining
32:42 Stone Mining
35:37 Plate Barding Armor
34:28 Cavalier
35:24 Citadels
36:44 Blast Furnace
37:40 Hand Cart
38:26 Two-Man Saw
37:57 Crop Rotation
38:15 Savar
41:58 Gold Shaft Mining
41:58 Stone Shaft Mining
44:10 Light Cavalry
46:57 Chemistry
45:24 Hussar
48:47 Padded Archer Armor
53:18 Caravan
53:48 Coinage
Ares2809
10:11 Feudal Age
11:59 Double-Bit Axe
12:08 Stone Mining
12:38 Fletching
12:47 Loom
18:25 Gold Mining
18:17 Horse Collar
22:37 Castle Age
24:30 Bow Saw
25:26 Wheelbarrow
27:53 Imperial Age
26:45 Forging
28:13 Scale Mail Armor
28:31 Heavy Plow
29:30 Capped Ram
31:20 Devotion
33:17 Chemistry
33:20 Masonry
33:58 Iron Casting
35:04 Conscription
36:26 Chain Mail Armor
38:24 Man-at-Arms
38:50 Gambesons
39:05 Squires
39:38 Plate Mail Armor
40:08 Blast Furnace
38:57 Long Swordsman
39:23 Arson
39:32 Two-Handed Swordsman
41:01 Bodkin Arrow
41:29 Ballistics
40:37 Champion
44:18 Hand Cart
45:10 Town Watch
46:31 Onager
47:52 Caravan
47:46 Pikeman
48:47 Siege Engineers
48:46 Halberdier
53:15 Northmen's Fury
55:09 Bracer
55:33 Siege Onager
Connection lost

Rejoining the realm…

Still unreachable

The connection could not be restored.

Session expired

The server has moved on; the page needs a fresh start.